 Dungeon Crawl Stone Soup version 0.23.2-40-g277498a (webtiles) character file.

Game seed: 11400208954586290865

42 Fang the Skirmisher (level 3, -3/36 HPs)
             Began as a Gargoyle Berserker on Oct 18, 2019.
             Was a Believer of Trog.
             Slain by a gnoll
             ... wielding a +0 halberd
              (8 damage)
             ... on level 2 of the Dungeon.
             The game lasted 00:02:57 (945 turns).

Fang the Skirmisher (Gargoyle Berserker)             Turns: 945, Time: 00:02:58

Health: -3/36      AC:  5    Str: 26    XL:     3   Next: 54%
Magic:  3/3        EV: 12    Int:  7    God:    Trog [**....]
Gold:   59         SH:  0    Dex:  9    Spells: 2/2 levels left

rFire    . . .     SeeInvis .   a - +0 hand axe
rCold    . . .     Gourm    .   (no shield)
rNeg     + . .     Faith    .   b - +0 animal skin
rPois    ∞         Spirit   .   (no helmet)
rElec    +         Reflect  .   (no cloak)
rCorr    .         Harm     .   (no gloves)
MR       .....                  (no boots)
Stlth    ..........             (no amulet)
HPRegen  0.12/turn              (no ring)
MPRegen  0.08/turn              (no ring)

@: berserking, very quick
A: negative energy resistance 1, electricity resistance, unbreathing,
petrification resistance, rot immunity, AC +3
a: Berserk, Trog's Hand, Renounce Religion


You were on level 2 of the Dungeon.
You worshipped Trog.
Trog was pleased with you.
You were very hungry.

You visited 1 branch of the dungeon, and saw 2 of its levels.

You collected 59 gold pieces.

Inventory:

Hand Weapons
 a - a +0 hand axe (weapon)
Armour
 b - a +0 animal skin (worn)
Scrolls
 g - a scroll of fear {unknown}
 i - 2 scrolls of identify {unknown}
 k - a scroll of enchant armour {unknown}
 l - a scroll of immolation {unknown}
Potions
 e - 2 potions of lignification {unknown}
 f - a potion of agility {unknown}
 h - a potion of invisibility {unknown}
 j - a potion of berserk rage {unknown}
Comestibles
 c - 3 rations
 d - 7 chunks of flesh


   Skills:
 + Level 3.7 Fighting
 + Level 3.1 Axes
 + Level 2.8 Armour
 + Level 2.1 Dodging


You had 2 spell levels left.
You didn't know any spells.
Your spell library was empty.

Dungeon Overview and Level Annotations

Branches:
Dungeon (2/15)

Altars:


Innate Abilities, Weirdness & Mutations

You are resistant to torment.
Your stone body is resilient. (AC +3)
You are immune to poison.
You resist negative energy. (rN+)
You are resistant to electric shocks. (rElec)
You can survive without breathing.
You are immune to petrification.
You are immune to rotting.


Message History

The gnoll completely misses you. The gnoll barely misses you.
You barely miss the gnoll.
The gnoll is moderately wounded.
You closely miss the gnoll. The gnoll hits you but does no damage.
The gnoll hits you with a +0 whip. The gnoll barely misses you.
The gnoll hits you from afar with a +0 halberd.
A red film seems to cover your vision as you go berserk!
You feel yourself moving faster!
You feel mighty!
You are feeling very hungry.
The gnoll hits you with a +0 whip! The gnoll closely misses you.
The gnoll hits you with a +0 flail.
* * * LOW HITPOINT WARNING * * *
The gnoll completely misses you.
You feel a strong urge to attack something.
You closely miss the gnoll.
The gnoll is lightly wounded.
The gnoll hits you with a +0 halberd.
* * * LOW HITPOINT WARNING * * *
The gnoll barely misses you. The gnoll hits you with a +0 halberd!
You die...

.#....#.. ......# #
8.#....#..####....#######
.. .....#... ............
.#..####....####### .....
. ....... .... . ####.## #
#..#.# ..... ..
#.#gg#.##.. ####.##
#...##.#@g...... ..#.##
##......g......... #.#...
.....#..#.#####....##.#.##
#...#..#.# #...........
.#...#..#.#####...###.#.##
....................)....#
..........#####...###.#.##
#.#.#..### #...# #.#.# ..
#..#######...###.#.#


You could see 4 gnolls.

Vanquished Creatures
  An ooze (D:2)
  2 dart slugs (D:1)
  2 leopard geckos
  3 bats (D:2)
  2 giant cockroaches (D:1)
  4 hobgoblins
  4 jackals (D:1)
  5 kobolds
  A ball python (D:1)
  2 frilled lizards
  2 goblins
  A rat (D:1)
29 creatures vanquished.

Notes
Turn   | Place    | Note
-------+----------+-------------------------------------------
     0 | D:1      | Fang the Gargoyle Berserker began the quest for the Orb.
     0 | D:1      | Reached XP level 1. HP: 14/14 MP: 1/1
   266 | D:1      | Reached XP level 2. HP: 19/19 MP: 2/2
   646 | D:1      | Reached XP level 3. HP: 21/23 MP: 3/3
   847 | D:2      | Reached ** piety under Trog
   945 | D:2      | Slain by a gnoll

Skill      XL: |  1  2  3 |
---------------+----------+-----
Axes           | 3 |  3.1
Dodging        | 2 |  2.1
Fighting       | |  3.7
Armour         | |  2.8

Action                   || total
-------------------------++-------
Melee: Hand axe          ||    98
Invok: Berserk           ||     1
 Stab: Sleeping          ||     1
Armor: Animal skin       ||    35
Dodge: Dodged            ||    56
